 Dungeon Crawl Stone Soup version 0.29-a0-598-gd8304a5bf4 (webtiles) character file.

Game seed: 6287828452961123097

221 spiderkeys the Skirmisher (level 5, -2/44 (48) HPs)
             Began as a Minotaur Monk on June 15, 2022.
             Slain by a wight
             ... wielding a +5 great sword
              (5 damage)
             ... on level 4 of the Dungeon.
             The game lasted 00:03:25 (3352 turns).

spiderkeys the Skirmisher (Minotaur Monk)           Turns: 3352, Time: 00:03:25

HP:   -2/44 (48)    AC:  9    Str: 18    XL:     5   Next: 65%
MP:   4/4           EV:  7    Int:  7    God:
Gold: 146           SH:  4    Dex: 12    Spells: 4/4 levels left

rFire   . . .      SeeInvis .   D - +0 trident
rCold   . . .      Faith    .   s - +0 buckler
rNeg    . . .      Spirit   .   q - +0 chain mail
rPois   .          Reflect  .   (helmet restricted)
rElec   .          Harm     .   (no cloak)
rCorr   .          Rampage  .   (no gloves)
Will    .....                   (no boots)
Stlth   ..........              (no amulet)
HPRegen 0.14/turn               L - ring of flight
MPRegen 0.09/turn               (no ring)

@: flying, drained
A: horns 2, retaliatory headbutt
a: no special abilities


You were on level 4 of the Dungeon.
You visited 1 branch of the dungeon, and saw 4 of its levels.

You collected 146 gold pieces.


Innate Abilities, Weirdness & Mutations

You have a pair of horns on your head.
You reflexively headbutt those who attack you in melee.


   Skills:
 + Level 5.0 Fighting
 + Level 5.0 Polearms
 + Level 3.0 Armour
 - Level 3.2 Dodging
 - Level 2.2 Stealth
 + Level 2.2 Shields


You had 4 spell levels left.
You didn't know any spells.
Your spell library contained the following spells:

 Spells                   Type           Power      Damage    Failure   Level
 Magic Dart               Conj           0%         1d3       100%        1
 Call Imp                 Summ           0%         N/A       100%        2
 Mephitic Cloud           Conj/Pois/Air  0%         N/A       100%        3
 Ozocubu's Armour         Ice            0%         N/A       100%        3
 Metabolic Englaciation   Hex/Ice        0%         N/A       100%        5
 Simulacrum               Ice/Necr       0%         N/A       100%        6

Inventory:

Hand Weapons
 a - a +0 spear
 D - a +0 trident (weapon)
   (You took it off an orc on level 4 of the Dungeon)
Missiles
 f - 98 stones (quivered)
 g - 2 poisoned darts
Armour
 b - a +0 robe
 d - a +0 robe
   (You found it on level 1 of the Dungeon)
 e - a +0 leather armour
   (You found it on level 1 of the Dungeon)
 j - a +0 leather armour
   (You found it on level 1 of the Dungeon)
 k - a +0 scale mail
   (You found it on level 2 of the Dungeon)
 m - a +0 leather armour
   (You found it on level 2 of the Dungeon)
 n - a +0 scale mail
   (You found it on level 2 of the Dungeon)
 q - a +0 chain mail (worn)
   (You found it on level 2 of the Dungeon)
 s - a +0 buckler (worn)
   (You found it on level 3 of the Dungeon)
 t - a +0 ring mail
   (You found it on level 3 of the Dungeon)
 u - a +0 kite shield
   (You found it on level 3 of the Dungeon)
 E - a +0 chain mail
   (You took it off an orc on level 4 of the Dungeon)
 F - a +0 robe
   (You took it off an orc wizard on level 4 of the Dungeon)
 G - a +0 scale mail
   (You found it on level 4 of the Dungeon)
 H - a +0 scale mail
   (You found it on level 4 of the Dungeon)
 I - a +0 robe
   (You took it off a wight on level 4 of the Dungeon)
Magical Staves
 h - a staff of poison {!a}
   (You found it on level 1 of the Dungeon)
Jewellery
 L - a ring of flight (left hand)
   (You found it on level 2 of the Dungeon)
Wands
 y - a wand of light (4)
   (You found it on level 3 of the Dungeon)
Scrolls
 i - 4 scrolls of amnesia {unknown}
 p - a scroll of poison {unknown}
 r - a scroll of summoning {unknown}
 v - 3 scrolls of magic mapping {unknown}
 w - a scroll of identify {unknown}
 x - 2 scrolls of blinking {unknown}
 z - a scroll of teleportation {unknown}
 A - a scroll of immolation {unknown}
Potions
 c - a potion of ambrosia
 l - a potion of might {unknown}
 o - 2 potions of curing {unknown}
 B - a potion of heal wounds {unknown}
 C - a potion of berserk rage {unknown}

Dungeon Overview and Level Annotations

Branches:
Dungeon (4/15) Zot: 20662
 Temple: D:4-7

Altars:
Elyvilon
Fedhas
Makhleb

#..........#
#.########.#
#.# #.# #.#
#.# #.# #.#
#.# #.#
#######.#
#.#
........#
#.#
.########
#@# .# #z#
.# #z# ##
#...#
.......
....>####
#######


You could see 2 wights.


Message History

You barely miss the orc. Your headbutt misses the orc.
You block the orc's attack.
You barely miss the orc. The orc barely misses you. ๐Ÿ˜ฑ HP[+1]
You closely miss the orc. The orc hits you with a +0 trident.
* * * LOW HITPOINT WARNING * * *
๐Ÿ˜ฑ HP[-6]
You take 6 damage, and now have 2/47 hp.
Unknown command.
You hit the orc. You headbutt the orc.
You kill the orc!
You start resting.
An endoplasm comes into view. ๐Ÿ˜จ HP[+18]
You regained 18 hp, and now have 20/47 hp.
You see here a +0 trident.
D - a +0 trident The endoplasm quivers.
Items here: ( ))))) [[ โ€ .
D - a +0 trident (weapon)
๐Ÿ˜จ HP[+1]
You are too injured to fight recklessly!
You are too injured to fight recklessly!
Reach: D) +0 trident
Press: ? - help, Dir - move target, f - endoplasm
Aim: an endoplasm (about 14% to evade your +0 trident)
You reach to attack!
You barely miss the endoplasm.
Reach: D) +0 trident
Press: ? - help, Dir - move target, f/p - endoplasm
Aim: an endoplasm (about 14% to evade your +0 trident)
You hit the endoplasm.
The endoplasm hits you but does no damage.
You hit the endoplasm but do no damage. Your headbutt misses the endoplasm.
The endoplasm barely misses you. ๐Ÿ˜จ HP[+1]
You barely miss the endoplasm. You headbutt the endoplasm.
You kill the endoplasm!
You start resting. ๐Ÿ˜Ž HP[+25]
Your hp is fully restored (47).
E - a +0 chain mail;
f - 98 stones (gained 5);
F - a +0 robe
Items here: ))))) รท.
G - a +0 scale mail Key pressed, stopping explore.
Key pressed, stopping explore.
Items here: ))))) รท.
Key pressed, stopping explore.
H - a +0 scale mail A wight comes into view.
It is wielding a +5 falchion.
You swing at nothing.
You hit the wight. The wight hits you but does no damage.
You hit the wight. Your headbutt misses the wight.
The wight hits you but does no damage.
You barely miss the wight. The wight hits you but does no damage.
You puncture the wight!
You destroy the wight!
Your Fighting skill increases to level 5!
Your Polearms skill increases to level 5!
Your Armour skill increases to level 3!
Your Shields skill increases to level 2! ๐Ÿ˜Ž HP[+1]
You now have 48 max hp (+1).
Your hp is fully restored (48).
No target in view!
No target in view!
No target in view!
Found a stone staircase leading down.
I - a +0 robe You see here a +5 falchion. 2 wights come into view.
You closely miss the wight.
The wight hits you with a +5 great sword!
You feel drained. ๐Ÿ˜• HP[-10]
You now have 47 max hp (-1).
You take 10 damage, and now have 38/47 hp.
MASSIVE DAMAGE!! (PAUSE)
You see here a +5 falchion.
You hit the wight.
You headbutt the wight, but do no damage.
The wight hits you with a +5 great sword! ๐Ÿ˜ฎ HP[-9]
You take 9 damage, and now have 29/47 hp.
You hit the wight but do no damage.
The wight hits you with a +5 great sword!
* * * LOW HITPOINT WARNING * * *
You feel drained.
* * * LOW HITPOINT WARNING * * *
๐Ÿ˜จ HP[-11]
You now have 46 max hp (-1).
You take 11 damage, and now have 18/46 hp.
MASSIVE DAMAGE!! (PAUSE)
Aiming: Bolt of Light
Press: ? - help, Shift-Dir - straight line, f - wight
Aim: a wight, wielding a +3 hand axe and wearing a +0 robe (71% to hit)
The bolt of light misses the wight.
The bolt of light hits the wight!
The wight is blinded.
The wight hits you with a +5 great sword!
* * * LOW HITPOINT WARNING * * *
You feel drained.
You die...

Skill      XL: |  1  2  3  4  5 |
---------------+----------------+-----
Armour         | 1 2 3 |  3.0
Fighting       | 4 5 |  5.0
Stealth        | 2 |  2.2
Polearms       | 4 5 |  5.0
Shields        | 1 2 |  2.2
Dodging        | |  3.2

Action                   |  1- 3 |  4- 6 || total
-------------------------+-------+-------++-------
Melee: Spear             |   120 |    54 ||   174
       Headbutt          |    11 |     9 ||    20
       Trident           |       |    11 ||    11
Evoke: Wand              |       |     1 ||     1
 Stab: Sleeping          |     3 |       ||     3
Armor: Leather armour    |     5 |       ||     5
       Robe              |     1 |       ||     1
       Scale mail        |     8 |       ||     8
       Chain mail        |    16 |    30 ||    46
Dodge: Dodged            |    28 |    20 ||    48
Block: Buckler           |       |    11 ||    11

Levels and vault maps discovered:
D:1:      minmay_arrival_four_houses, layout_basic,
          shapermc_ecumenical_altar_petra
D:2:      layout_rooms
D:3:      layout_loops_corners, lemuel_round_altar,
          mainiacjoe_overflow_big_doors, st_stairs_1
D:4:      layout_basic, kennysheep_big_empty_room, serial_bayou_pond_a,
          kennysheep_potato

Notes
Turn   | Place    | Note
-------+----------+-------------------------------------------
     0 | D:1      | spiderkeys the Minotaur Monk began the quest for the Orb.
     0 | D:1      | Reached XP level 1. HP: 19/19 MP: 0/0
     0 | D:1      | magus.rc [v1.11.3]
   369 | D:1      | Reached XP level 2. HP: 24/27 MP: 1/1
   375 | D:1      | Reached skill level 1 in Armour
   823 | D:1      | Found a faded altar of an unknown god.
  1184 | D:2      | Reached skill level 4 in Fighting
  1184 | D:2      | Reached skill level 2 in Stealth
  1238 | D:2      | Reached skill level 4 in Polearms
  1245 | D:2      | Reached XP level 3. HP: 33/33 MP: 2/2
  1623 | D:2      | You pick up a book of Winter and begin reading...
  1623 | D:2      | You add the spells Ozocubu's Armour, Metabolic Englaciation
                  | and Simulacrum to your library.
  2001 | D:3      | Reached skill level 2 in Armour
  2246 | D:3      | Reached XP level 4. HP: 34/41 MP: 3/3
  2378 | D:3      | Found a white marble altar of Elyvilon.
  2541 | D:3      | You pick up a book of Minor Magic and begin reading...
  2541 | D:3      | You add the spells Magic Dart, Call Imp and Mephitic Cloud
                  | to your library.
  2687 | D:3      | Found a blossoming altar of Fedhas.
  2695 | D:3      | Found a burning altar of Makhleb.
  2805 | D:4      | Reached skill level 1 in Shields
  2943 | D:4      | HP: 10/41 [hound (5)]
  2945 | D:4      | Reached XP level 5. HP: 7/47 MP: 4/4
  2948 | D:4      | HP: 2/47 [orc/+0 trident (6)]
  3343 | D:4      | Reached skill level 5 in Fighting
  3343 | D:4      | Reached skill level 5 in Polearms
  3343 | D:4      | Reached skill level 3 in Armour
  3343 | D:4      | Reached skill level 2 in Shields
  3352 | D:4      | HP: 3/46 [wight/+5 great sword (15)]
  3352 | D:4      | Slain by a wight

Vanquished Creatures
  A wight (D:4)
  2 hounds (D:4)
  An orc wizard (D:4)
  3 adders (D:2)
  A worm (D:3)
  A dart slug (D:2)
  4 orcs (D:4)
  5 endoplasms
  A giant cockroach (D:2)
  4 hobgoblins
  3 jackals (D:3)
  4 kobolds
  2 quokkas
  4 ball pythons
  4 bats
  6 frilled lizards
  4 goblins
  4 rats
54 creatures vanquished.

Table legend:
 A = Non-vault XP
 B = Vault XP
 C = Vault XP percentage of total XP
 D = Non-vault monster count
 E = Vault monster count
 F = Vault count percentage of total count
                 A         B        C        D         E       F
            +---------+---------+-------+---------+---------+-------
      Total |     310 |       6 |   1.9 |      52 |       2 |   3.7
            +---------+---------+-------+---------+---------+-------
        D:1 |      21 |       0 |   0.0 |      14 |       0 |   0.0
        D:2 |      63 |       0 |   0.0 |      17 |       0 |   0.0
        D:3 |      12 |       6 |  33.3 |       8 |       2 |  20.0
        D:4 |     214 |       0 |   0.0 |      13 |       0 |   0.0
            +---------+---------+-------+---------+---------+-------

Illustrated notes

Table legend:
 A = Kills in this place as a percentage of kills in entire the game.
 B = Kills by you in this place as a percentage of kills by you in the entire game.
 C = Kills by friends in this place as a percentage of kills by friends in the entire game.
 D = Other kills in this place as a percentage of other kills in the entire game.
 E = Experience gained in this place as a percentage of experience gained in the entire game.
 F = Experience gained in this place divided by the number of levels of this place that you have seen.
                   A       B       C       D       E      F
               +-------+-------+-------+-------+-------+----------------------
         Total | 100.0 | 100.0 |   N/A |   N/A | 100.0 |  79.0
       Dungeon | 100.0 | 100.0 |   N/A |   N/A | 100.0 |  79.0
               +-------+-------+-------+-------+-------+----------------------

Table legend: (Time is in decaauts)
 A = Elapsed time spent in this place.
 B = Non-inter-level travel time spent in this place.
 C = Inter-level travel time spent in this place.
 D = Time resting spent in this place.
 E = Time spent auto-exploring this place.
 F = Levels seen in this place.
 G = Mean time per level.
                   A        B        C        D        E       F      G
               +--------+--------+--------+--------+--------+-----+--------+
         Total |   3336 |   3248 |     88 |    285 |   2555 |   4 |  834.0 |
       Dungeon |   3336 |   3248 |     88 |    285 |   2555 |   4 |  834.0 |
               +--------+--------+--------+--------+--------+-----+--------+

Top non-repeatable levels by time:
     D:1: 1117 daAuts
     D:3: 959 daAuts
     D:2: 659 daAuts
     D:4: 600 daAuts
